 Dungeon Crawl Stone Soup version 0.29.1-15-g9cfb28693d (webtiles) character file.

Game seed: 9894068528112253560

129 tkbsonic5 the Trooper (level 4, -4/61 HPs)
             Began as a Minotaur Chaos Knight on July 9, 2023.
             Was a Plaything of Xom.
             Shot with an arrow by a centaur (10 damage)
             ... on level 4 of the Dungeon.
             The game lasted 00:05:51 (2553 turns).

tkbsonic5 the Trooper (Minotaur Chaos Knight)       Turns: 2553, Time: 00:05:52

Health: -4/61      AC: 22    Str: 18    XL:     4   Next: 88%
Magic:  3/3        EV:  2    Int: 13    God:    Xom [.....*]
Gold:   45         SH:  0    Dex:  8    Spells: 3/3 levels left

rFire   . . .      SeeInvis .   m - +1 hand axe (venom)
rCold   . . .      Faith    .   (no shield)
rNeg    . . .      Spirit   .   (body armour currently unavailable)
rPois   +          Reflect  .   (helmet currently unavailable)
rElec   .          Harm     .   (cloak currently unavailable)
rCorr   .          Rampage  .   (gloves currently unavailable)
Will    .....      NoTele   +   (boots currently unavailable)
Stlth   +.........              (no amulet)
HPRegen 0.20/turn               (no ring)
MPRegen 0.08/turn               (no ring)

@: tree-form
A: stationary, stasis, torment immunity, boosted hp, (horns 2), (retaliatory
headbutt), clever 1
a: Renounce Religion


You were on level 4 of the Dungeon.
You worshipped Xom.
You were Xom's teddy bear.
You were a tree.
You visited 1 branch of the dungeon, and saw 4 of its levels.

You collected 153 gold pieces.
You spent 108 gold pieces at shops.

Inventory:

Hand Weapons
 a - a +0 hand axe of chaos
 g - a +1 whip of holy wrath
 i - a +0 dagger of venom
 m - a +1 hand axe of venom (weapon)
 s - a +0 mace
Missiles
 o - 17 poisoned darts
Armour
 b - a +2 leather armour
 k - a +0 pair of gloves (melded)
 v - a +0 scale mail (melded)
Magical Staves
 t - a staff of fire
Jewellery
 q - a ring of flight
 u - an amulet of faith
Scrolls
 d - 3 scrolls of teleportation {unknown}
 e - 5 scrolls of identify
 f - a scroll of enchant armour {unknown}
 j - a scroll of fear {unknown}
 p - 2 scrolls of fog {unknown}
 r - a scroll of magic mapping {unknown}
Miscellaneous
 c - a piece from Xom's chessboard (6/15) (quivered)


   Skills:
 + Level 4.6 Fighting
 * Level 4.5(4.7) Axes
 - Level 1.8(3.4) Maces & Flails
 + Level 3.7 Armour
 + Level 2.1 Dodging


You had 3 spell levels left.
You didn't know any spells.
Your spell library contained the following spells:

 Spells                   Type           Power      Damage    Failure   Level
 Summon Small Mammal      Summ           0%         N/A       30%         1
 Static Discharge         Conj/Air       0%         3-3/arc   43%         2
 Call Canine Familiar     Summ           0%         N/A       67%         3
 Conjure Flame            Conj/Fire      0%         6-21      67%         3
 Dazzling Flash           Conj/Hex       0%         N/A       67%         3
 Ignite Poison            Fire/Tmut/Pois 0%         N/A       67%         3
 Summon Guardian Golem    Hex/Summ       0%         N/A       67%         3
 Sticky Flame             Conj/Fire      0%         2d3       97%         4
 Agony                    Necr           0%         N/A       100%        5
 Lightning Bolt           Conj/Air       0%         1d11      100%        5
 Silence                  Hex/Air        0%         N/A       100%        5
 Maxwell's Capacitive Co  Air            0%         ∞         100%        8


Dungeon Overview and Level Annotations

Branches:
Dungeon (4/15)
 Temple: D:4-7

Altars:

Shops:
D:1 :![:

Annotations:
D:4 2 runed translucent doors


Innate Abilities, Weirdness & Mutations

You are a tree.
Your roots penetrate the ground, keeping you stationary.
You cannot be teleported.
You are immune to unholy pain and torment.
Your maximum health is greatly increased.
Your equipment is partially melded.
((You have a pair of horns on your head.))
((You reflexively headbutt those who attack you in melee.))
Your mind is acute. (Int +4, Str/Dex -1)


Message History

A quokka comes into view.
Found 7 gold pieces.
The centaur shoots an arrow.
The arrow hits you!
The centaur shoots an arrow.
The arrow hits you.
You are too injured to fight recklessly!
You make a move on Xom's chessboard...
The quokka suddenly stops moving!
The centaur shoots an arrow.
The arrow closely misses you.
You make a move on Xom's chessboard...
The centaur resists with some effort.
The centaur shoots an arrow.
The arrow hits you.
* * * LOW HITPOINT WARNING * * *
The centaur shoots an arrow.
The arrow closely misses you.
Okay, then.
It was a potion of magic.
Magic courses through your body.
Xom thinks this is hilarious!
It was a potion of lignification.
You turn into a tree.
Your +0 pair of gloves melds into your body.
Your +0 scale mail melds into your body.
Your roots penetrate the ground.
The centaur shoots an arrow.
The arrow hits you.
* * * LOW HITPOINT WARNING * * *
The centaur shoots an arrow.
The arrow hits you but does no damage.
As you read the scroll labelled KOCOATZUYNE, it crumbles to dust.
It is a scroll of identify.
n - a potion of curing The centaur shoots an arrow.
The arrow hits you!
* * * LOW HITPOINT WARNING * * *
You feel better.
The centaur shoots an arrow.
The arrow hits you.
* * * LOW HITPOINT WARNING * * *
The centaur shoots an arrow.
The arrow hits you.
* * * LOW HITPOINT WARNING * * *
Okay, then.
You make a move on Xom's chessboard...
The quokka seems to grow stronger.
The centaur shoots an arrow.
The arrow hits you but does no damage.
Unknown command.
Non-targeted evoke: piece from Xom's chessboard (7/15)
Press: ? - help, Q - select action, (/) - cycle Dir - look around, f - activate
Okay, then.
You make a move on Xom's chessboard...
The centaur resists with some effort.
The centaur shoots an arrow.
The arrow hits you!
You die...
Xom chuckles heartily!

#......# #####.##
#....# . #.##.# ++
#.##.# ).. #.##.#
...$ #.##.# ...r.
#.##..######?.c...
#.###.....♣..# #.#
#.#.#.#.## #.#
#.....#.# #.#
#####.#.# #.#
#....#.# #.#
#.####.# #.# #.#
.. #.# #.# .# #.#
#.#


You could see a centaur and a quokka (strong, paralysed).

Vanquished Creatures
  4 adders
  2 worms (D:2)
  4 dart slugs
  3 ball pythons (D:1)
  7 bats
  4 endoplasms
  12 giant cockroaches (D:3)
  7 goblins
  5 hobgoblins
  3 jackals (D:3)
  6 kobolds
  5 quokkas
  4 frilled lizards
  4 rats
70 creatures vanquished.

Notes
Turn   | Place    | Note
-------+----------+-------------------------------------------
     0 | D:1      | tkbsonic5 the Minotaur Chaos Knight began the quest for the
                  | Orb.
     0 | D:1      | Reached XP level 1. HP: 19/19 MP: 0/0
    49 | D:1      | Found Tounwaph's Antique Armour Shoppe.
   116 | D:1      | Reached XP level 2. HP: 23/27 MP: 1/1
   118 | D:1      | Reached skill level 1 in Maces & Flails
   247 | D:1      | XOM: silly message
   302 | D:1      | Found Maitaa's Book Emporium.
   318 | D:1      | XOM: silly message
   353 | D:1      | Found a faded altar of an unknown god.
   415 | D:1      | Found Obipp's Book Shop.
   445 | D:1      | Reached XP level 3. HP: 27/33 MP: 2/2
   593 | D:1      | Found Hytof's Distillery.
   707 | D:1      | XOM: divination: magic mapping
  1014 | D:2      | XOM: silly message
  1777 | D:3      | Reached XP level 4. HP: 41/41 MP: 3/3
  1926 | D:3      | XOM: 3-stop teleportation journey
  2291 | D:3      | XOM: god gift: lumpy zirconium amulet {god gift}
  2373 | D:1      | Bought a scale mail for 108 gold pieces
  2459 | D:4      | XOM: give mutation
  2459 | D:4      | Gained mutation: Your mind is acute. (Int +4, Str/Dex -1)
                  | [Xom's grace]
  2544 | D:4      | Found a large runed translucent door.
  2544 | D:4      | Noticed a centaur
  2545 | D:4      | Found a large runed translucent door.
  2553 | D:4      | Shot with an arrow by a centaur

Illustrated notes

Levels and vault maps discovered:
D:1:      evilmike_arrival_come_back, layout_basic,
          ebering_ecumenical_altar_sacrificial, serial_shops, shop, shop_statue,
          nicolae_shop_trees, nicolae_shop_stone, minmay_heptomino_o4
D:2:      layout_loops_ring
D:3:      minmay_roachtagon, layout_loops_ring, kennysheep_donut
D:4:      layout_basic, kennysheep_nondescript, minmay_hollow_rounded_squares,
          uniq_edmund

Skill      XL: |  1  2  3  4 |
---------------+-------------+-----
Maces & Flails | 1 |  1.8
Fighting       | 4 |  4.6
Armour         | 3 |  3.7
Axes           | 4 |  4.5
Dodging        | 2 |  2.1

Action                   |  1- 3 |  4- 6 || total
-------------------------+-------+-------++-------
Melee: Hand axe          |    58 |    38 ||    96
       Headbutt          |     8 |     5 ||    13
       Whip              |    22 |       ||    22
       Punch             |     1 |       ||     1
Evoke: Piece from Xom's  |     2 |    10 ||    12
  Use: Potion            |       |     3 ||     3
       Scroll            |       |     1 ||     1
 Stab: Paralysed         |     1 |       ||     1
       Petrified         |       |     2 ||     2
Armor: Leather armour    |    39 |    13 ||    52
       Skin              |       |     2 ||     2
Dodge: Dodged            |    40 |    24 ||    64
